 Dungeon Crawl Stone Soup version 0.28.0 (webtiles) character file.

Game seed: 15578626481598579549

1011 Strat the Cleaver (level 8, 0/68 HPs)
             Began as a Hill Orc Monk on Feb 11, 2022.
             Slain by an unseen horror (4 damage)
             ... on level 5 of the Dungeon.
             The game lasted 00:13:25 (6510 turns).

Strat the Cleaver (Hill Orc Monk)                   Turns: 6510, Time: 00:13:25

Health: 0/68       AC:  8    Str: 16    XL:     8   Next: 21%
Magic:  8/8        EV: 11    Int: 10    God:
Gold:   161        SH:  0    Dex: 13    Spells: 7/7 levels left

rFire   . . .      SeeInvis .   a - +0 war axe
rCold   . . .      Faith    .   (no shield)
rNeg    + . .      Spirit   .   d - +1 ring mail
rPois   .          Reflect  .   (no helmet)
rElec   .          Harm     .   r - +0 cloak
rCorr   .          Rampage  .   (no gloves)
Will    .....                   (no boots)
Stlth   +.........              (no amulet)
HPRegen 0.21/turn               p - ring of positive energy
MPRegen 0.11/turn               (no ring)

@: no status effects
A: no striking features
a: no special abilities


You were on level 5 of the Dungeon.
You visited 1 branch of the dungeon, and saw 5 of its levels.

You collected 161 gold pieces.

Inventory:

Hand Weapons
 a - a +0 war axe (weapon)
 n - a +0 hand axe
 o - a +0 flail
Missiles
 c - 156 stones (quivered)
 f - 2 boomerangs of dispersal
 i - 4 boomerangs
Armour
 b - a +0 robe
 d - a +1 ring mail (worn)
 m - a +0 chain mail
 r - a +0 cloak (worn)
Jewellery
 p - a ring of positive energy (left hand)
Wands
 h - a wand of charming (4)
Scrolls
 e - a scroll of enchant armour
 g - 3 scrolls of holy word
 s - a scroll of magic mapping
 t - a scroll of identify
Potions
 l - 2 potions of mutation {unknown}
 q - 4 potions of flight {unknown}


   Skills:
 + Level 5.2 Fighting
 + Level 10.1 Axes
 + Level 5.2 Armour
 - Level 2.4 Dodging
 - Level 1.5 Stealth


You had 7 spell levels left.
You didn't know any spells.
Your spell library contained the following spells:

 Spells                   Type           Power      Damage    Failure   Level
 Apportation              Tloc           0%         N/A       56%         1
 Alistair's Intoxication  Tmut/Pois      0%         N/A       100%        5


Dungeon Overview and Level Annotations

Branches:
Dungeon (5/15)
 Temple: D:4-7

Altars:
Yredelemnul
The Shining One
Beogh

Shops:
D:4 [

Annotations:
D:4 3 runed translucent doors, axecop's ghost, novice HOAK
D:5 1 runed translucent door, Crazy Yiuf


Message History

Something hits you.
You closely miss something. Something hits you!
* * * LOW HITPOINT WARNING * * *
Something hits you!
* * * LOW HITPOINT WARNING * * *
You slash something!
Something hits you but does no damage. x2
You barely miss something. Something completely misses you. Something hits you!
* * * LOW HITPOINT WARNING * * *
Something barely misses you.
Okay, then.
Okay, then.
Okay, then.
Something hits you but does no damage. Something hits you.
* * * LOW HITPOINT WARNING * * *
Something hits you!
* * * LOW HITPOINT WARNING * * *
Something hits you.
* * * LOW HITPOINT WARNING * * *
Something hits you but does no damage. Something hits you but does no damage.
Something hits you but does no damage. Something hits you.
* * * LOW HITPOINT WARNING * * *
Something hits you!
* * * LOW HITPOINT WARNING * * *
Something hits you.
* * * LOW HITPOINT WARNING * * *
You feel better. Something hits you.
* * * LOW HITPOINT WARNING * * *
You feel better. Something hits you but does no damage. Something hits you.
* * * LOW HITPOINT WARNING * * *
You closely miss something. Something hits you but does no damage.
Something hits you.
* * * LOW HITPOINT WARNING * * *
You hit something but do no damage. Something hits you.
* * * LOW HITPOINT WARNING * * *
Something hits you!
* * * LOW HITPOINT WARNING * * *
It was a potion of cancellation.
You feel magically purged. Something hits you.
You die...

#.#............# #.#
#.#..########..# #.#
..............># #.#
#.#..#######...# #.#
#.#..#######.[.#####.##
#..............##.....#
#.#..#.#####.#.####.###
..#..#.# #.#.#......#
###..#.# #.#.#@###### #
#..#.# #.#.#.# #..#.#
#.#.#.# #..#.# #.#.#.#
#..#.# .#.#.# #.#.# #.
#. #.#.#.# ..#.
#.#.#.###### ## .#.#
#.#........#


There were no monsters in sight!

Vanquished Creatures
  3 black bears
  An ogre (D:5)
  3 scorpions
  A howler monkey (D:5)
  2 hounds
  A jelly (D:5)
  A centaur skeleton (D:5)
  A gnoll shaman (D:4)
  Natasha (thrice) (D:4)
  2 orc wizards
  3 gnolls (D:4)
  7 adders
  An adder skeleton (D:4)
  4 dart slugs
  9 orcs
  4 endoplasms
  6 giant cockroaches
  11 hobgoblins
  2 jackals (D:3)
  4 kobolds
  A quokka (D:3)
  10 ball pythons
  4 bats
  2 frilled lizards
  3 goblins
  12 rats
101 creatures vanquished.

Vanquished Creatures (others)
  A plant (D:5)
1 creature vanquished.

Grand Total: 102 creatures vanquished

Notes
Turn   | Place    | Note
-------+----------+-------------------------------------------
     0 | D:1      | Strat the Hill Orc Monk began the quest for the Orb.
     0 | D:1      | Reached XP level 1. HP: 19/19 MP: 1/1
   249 | D:1      | Reached XP level 2. HP: 26/26 MP: 2/2
   602 | D:1      | Reached skill level 5 in Axes
  1074 | D:1      | Found a faded altar of an unknown god.
  1097 | D:2      | Reached XP level 3. HP: 31/31 MP: 3/3
  1486 | D:3      | Reached skill level 6 in Axes
  1581 | D:3      | Found a basalt altar of Yredelemnul.
  1583 | D:3      | Noticed a profane servitor
  1592 | D:3      | Found a glowing golden altar of the Shining One.
  1654 | D:3      | Reached skill level 1 in Armour
  1811 | D:3      | Reached XP level 4. HP: 39/39 MP: 4/4
  2678 | D:3      | Noticed a black bear
  3041 | D:3      | Reached XP level 5. HP: 12/45 MP: 5/5
  3045 | D:3      | HP: 2/45 [orc (2)]
  3056 | D:3      | HP: 2/45 [orc (1)]
  3585 | D:3      | Noticed an angel
  3899 | D:4      | Found Joophisa's Antique Armour Emporium.
  3979 | D:4      | Found a runed translucent gate.
  3980 | D:4      | Found a runed translucent gate.
  3980 | D:4      | Found a runed translucent gate.
  3990 | D:4      | Noticed axecop's ghost (novice HOAK)
  3996 | D:4      | Identified the +6 scale mail "Roetoes" {rElec Str+5 Stlth-}
  4132 | D:4      | Reached XP level 6. HP: 34/51 MP: 6/6
  4163 | D:4      | Reached skill level 5 in Armour
  4710 | D:4      | Noticed Natasha
  4734 | D:4      | Killed Natasha
  5032 | D:4      | Noticed Natasha
  5036 | D:4      | Killed Natasha
  5037 | D:4      | Reached skill level 7 in Axes
  5037 | D:4      | Reached XP level 7. HP: 60/60 MP: 7/7
  5109 | D:4      | Noticed Natasha
  5155 | D:4      | Killed Natasha
  5156 | D:4      | Reached skill level 5 in Fighting
  5277 | D:4      | Found a roughly hewn altar of Beogh.
  5312 | D:5      | Entered Level 5 of the Dungeon
  5880 | D:5      | Reached skill level 8 in Axes
  6009 | D:4      | Reached skill level 9 in Axes
  6059 | D:5      | Reached XP level 8. HP: 52/68 MP: 8/8
  6223 | D:5      | Reached skill level 10 in Axes
  6409 | D:5      | Found a runed translucent door.
  6410 | D:5      | Noticed Crazy Yiuf
  6509 | D:5      | HP: 3/68 [something (9)]
  6510 | D:5      | Slain by an unseen horror

Illustrated notes

Levels and vault maps discovered:
D:1:      minmay_arrival_glassed_features, layout_loops_corners,
          hellmonk_ecumenical_altar_leap_of_faith
D:2:      layout_rooms, minmay_pentomino_pile
D:3:      layout_loops_ring, grunt_temple_overflow_holy_war
D:4:      layout_loops_ring, biasface_ghost_orc_armoury, serial_shops,
          nicolae_shop_trees, uniq_natasha
D:5:      layout_basic, serial_bayou_pond_d, kennysheep_generic_room_4,
          uniq_crazy_yiuf_cottage

Skill      XL: |  1  2  3  4  5  6  7  8 |
---------------+-------------------------+-----
Axes           | 5 6 7 9 10 | 10.1
Armour         | 1 3 4 5 |  5.2
Fighting       | 4 5 |  5.2
Dodging        | |  2.4
Stealth        | |  1.5

Action                   |  1- 3 |  4- 6 |  7- 9 || total
-------------------------+-------+-------+-------++-------
Melee: Hand axe          |   139 |   118 |       ||   257
       Punch             |     2 |     3 |     3 ||     8
       War axe           |       |   125 |    69 ||   194
Throw: Stone             |       |     4 |       ||     4
  Use: Scroll            |       |     7 |     2 ||     9
       Potion            |       |     2 |     3 ||     5
 Stab: Distracted        |       |     1 |       ||     1
Armor: Ring mail         |    59 |    83 |    55 ||   197
Dodge: Dodged            |    79 |   110 |    43 ||   232
